 Dungeon Crawl Stone Soup version 0.27.1-2-g3b301248ec (webtiles) character file.

Game seed: 6457973322155936120

105 styxcanada the Covert (level 4, -1/23 HPs)
             Began as a Spriggan Brigand on Oct 1, 2021.
             Slain by Natasha (7 damage)
             ... on level 2 of the Dungeon.
             The game lasted 00:06:49 (1762 turns).

styxcanada the Covert (Spriggan Brigand)            Turns: 1762, Time: 00:06:50

Health: -1/23      AC:  3    Str:  7    XL:     4   Next: 54%
Magic:  5/5        EV: 17    Int: 12    God:
Gold:   76         SH:  0    Dex: 17    Spells: 3/3 levels left

rFire    . . .     SeeInvis +   a - +2 dagger
rCold    . . .     Faith    .   (shield restricted)
rNeg     . . .     Spirit   .   b - +0 robe
rPois    .         Reflect  .   (helmet restricted)
rElec    .         Harm     .   c - +0 cloak
rCorr    .         Rampage  .   (gloves unavailable)
Will     .....                  (boots unavailable)
Stlth    ++++......             (no amulet)
HPRegen  0.07/turn              (no ring)
MPRegen  0.09/turn              (no ring)

@: mighty, slowed, quick
A: very small, no large weapons, unfitting armour, see invisible, speed 3
a: no special abilities


You were on level 2 of the Dungeon.
You visited 1 branch of the dungeon, and saw 2 of its levels.

You collected 96 gold pieces.
You spent 20 gold pieces at shops.

Inventory:

Hand Weapons
 a - a +2 dagger (weapon)
Missiles
 d - 22 poisoned darts (quivered)
 e - 2 curare-tipped darts
 g - 107 stones
 i - a throwing net
Armour
 b - a +0 robe (worn)
 c - a +0 cloak (worn)
Scrolls
 f - a scroll of teleportation
 k - 2 scrolls of identify
Potions
 h - 2 potions of curing


   Skills:
 * Level 1.9 Fighting
 + Level 2.4 Short Blades
 + Level 2.2 Throwing
 * Level 2.1 Dodging
 * Level 8.3 Stealth


You had 3 spell levels left.
You didn't know any spells.
Your spell library was empty.

Dungeon Overview and Level Annotations

Branches:
Dungeon (2/15)

Altars:
Fedhas

Shops:
D:2 ?

Annotations:
D:2 Natasha


Innate Abilities, Weirdness & Mutations

You are very small and have problems with some larger weapons.
You are too small for most types of armour.
You have supernaturally acute eyesight. (SInv)
You cover ground extremely quickly. (Speed+++)


Message History

Press: ? - help, Q - select action, (/) - cycle Shift-Dir - straight line, f - Natasha
Aim: Natasha (53% to hit)
You throw a poisoned dart. The poisoned dart hits Natasha.
Natasha is poisoned.
A rat comes into view.
Throw: 27 darts (poison)
Press: ? - help, Q - select action, (/) - cycle Shift-Dir - straight line, f/p - Natasha
Aim: Natasha (lightly wounded, poisoned, 53% to hit)
You throw a poisoned dart.
The poisoned dart closely misses Natasha.
Throw: 26 darts (poison)
Press: ? - help, Q - select action, (/) - cycle Shift-Dir - straight line, f/p - Natasha
Aim: Natasha (lightly wounded, poisoned, 53% to hit)
You throw a poisoned dart.
The poisoned dart barely misses Natasha.
Throw: 25 darts (poison)
Press: ? - help, Q - select action, (/) - cycle Shift-Dir - straight line, f/p - Natasha
Aim: Natasha (lightly wounded, poisoned, 53% to hit)
You throw a poisoned dart.
The poisoned dart closely misses Natasha.
Throw: 24 darts (poison)
Press: ? - help, Q - select action, (/) - cycle Shift-Dir - straight line, f/p - Natasha
Aim: Natasha (moderately wounded, poisoned, 53% to hit)
You throw a poisoned dart.
The poisoned dart barely misses Natasha.
Natasha stares at you and mumbles some strange words.
You feel yourself slow down.
Natasha mumbles some strange words.
Found 13 gold pieces.
Throw: 23 darts (poison)
Press: ? - help, Q - select action, (/) - cycle Shift-Dir - straight line, f/p - Natasha
Aim: Natasha (severely wounded, 53% to hit)
You throw a poisoned dart.
The poisoned dart barely misses Natasha.
Natasha misses you.
Natasha growls.
It was a potion of might.
You feel very mighty all of a sudden.
The iron imp shouts, "Bolt, thou foisting sheep-biting measle!"
Natasha claws you!
You die...

####.#...#.#####.......########
...........# ##..#.#.#
.###.#...#.# #....#.#
.###.#...#.# #.####.#
.##........# #......###
.##..#.###.# ###......#
[.....†....# #.##.#....#
...........########.##.......
###..#.##(..5..h@....###.....
.......##.####..###..# .....
.#....###.# #..# #..... ...#
.#...$###h# #....##.#######
.........5# ##.#.# .#
.(###.#(#### #.#.# .#
(.(((....†.# #.. $ .#
..##.......# ### ## # #(......#


You could see an iron imp (summoned) and Natasha.

Vanquished Creatures
  Natasha (twice) (D:2)
  A gnoll (D:1)
  An adder (D:2)
  2 worms (D:2)
  2 dart slugs (D:2)
  4 endoplasms
  2 giant cockroaches (D:1)
  3 goblins
  3 hobgoblins
  3 kobolds
  2 ball pythons
  3 frilled lizards
  3 rats
31 creatures vanquished.

Notes
Turn   | Place    | Note
-------+----------+-------------------------------------------
     0 | D:1      | styxcanada the Spriggan Brigand began the quest for the
                  | Orb.
     0 | D:1      | Reached XP level 1. HP: 10/10 MP: 2/2
   212 | D:1      | Reached skill level 6 in Stealth
   248 | D:1      | Reached XP level 2. HP: 8/14 MP: 3/3
   899 | D:1      | Found a faded altar of an unknown god.
  1064 | D:1      | Reached skill level 7 in Stealth
  1314 | D:2      | Reached XP level 3. HP: 18/18 MP: 4/4
  1336 | D:2      | Noticed Natasha
  1343 | D:2      | Killed Natasha
  1618 | D:2      | Reached XP level 4. HP: 22/23 MP: 5/5
  1640 | D:2      | Found Aruuvan's Magic Scroll Shop.
  1646 | D:2      | Found a blossoming altar of Fedhas.
  1647 | D:2      | Bought a scroll of identify for 20 gold pieces
  1691 | D:2      | Noticed Natasha
  1729 | D:2      | Killed Natasha
  1730 | D:2      | Reached skill level 8 in Stealth
  1744 | D:2      | Noticed Natasha
  1762 | D:2      | Slain by Natasha

Illustrated notes

Levels and vault maps discovered:
D:1:      lightli_arrival_noodles, layout_basic, basic_ecumenical_altar
D:2:      layout_loops_cross, basic_altar, serial_shops, shop, uniq_natasha

Skill      XL: |  1  2  3  4 |
---------------+-------------+-----
Stealth        | 6 7 8 |  8.3
Dodging        | 2 |  2.1
Fighting       | |  1.9
Short Blades   | |  2.4
Throwing       | |  2.2

Action                   |  1- 3 |  4- 6 || total
-------------------------+-------+-------++-------
Melee: Dagger            |    48 |    21 ||    69
Throw: Dart              |    13 |    14 ||    27
  Use: Scroll            |       |     3 ||     3
       Potion            |       |     1 ||     1
 Stab: Sleeping          |    11 |     2 ||    13
       Distracted        |     1 |       ||     1
Armor: Robe              |     1 |     1 ||     2
Dodge: Dodged            |    19 |    15 ||    34
